 Dungeon Crawl Stone Soup version 0.23-a0-713-ge59bbb1 (webtiles) character file.

324795 zishaf the Acrobat (level 20, -3/103 HPs)
             Began as a Spriggan Enchanter on Jan 15, 2019.
             Was the Champion of Nemelex Xobeh.
             Killed from afar by a frost giant (36 damage)
             ... with a bolt of cold
             ... on level 4 of the Vaults.
             The game lasted 03:58:23 (59203 turns).

zishaf the Acrobat (Spriggan Enchanter)            Turns: 59203, Time: 03:58:23

Health: -3/103     AC: 13    Str: 11    XL:     20   Next: 72%
Magic:  0/40       EV: 39    Int: 21    God:    Nemelex Xobeh [******]
Gold:   1500       SH: 11    Dex: 19    Spells: 31/49 levels left

rFire    + . .     SeeInvis +   a - +9 quick blade
rCold    . . .     Gourm    .   J - +3 buckler {reflect}
rNeg     . . .     Faith    .   e - +3 acid dragon scales of the Wumpus {rF+ Regen+ rCorr}
rPois    +         Spirit   +   p - +2 hat {MR+}
rElec    .         Reflect  +   d - +1 cloak {rPois}
rCorr    +         Harm     .   (gloves unavailable)
MR       ++++.                  (boots unavailable)
Stlth    ++++++....             X - amulet of guardian spirit
HPRegen  0.67/turn              n - +5 ring of strength
MPRegen  0.27/turn              T - +4 ring of evasion

@: very quick
A: very small, unfitting armour, claws 1, see invisible, herbivore, speed 3,
slow metabolism 2
}: 2/15 runes: decaying, serpentine
a: Draw Escape, Draw Destruction, Draw Summoning, Draw Stack, Triple Draw, Deal
Four, Stack Five, Renounce Religion


You were on level 4 of the Vaults.
You worshipped Nemelex Xobeh.
Nemelex Xobeh was exalted by your worship.
You were hungry.

You visited 6 branches of the dungeon, and saw 35 of its levels.
You also visited: Sewer, Bailey, Gauntlet and Volcano.

You collected 4670 gold pieces.
You spent 3170 gold pieces at shops.

Inventory:

Hand Weapons
 a - a +9 quick blade (weapon)
 b - a +5 hunting sling of freezing
Missiles
 o - 200 sling bullets
Armour
 d - a +1 cloak of poison resistance (worn)
 e - the +3 acid dragon scales of the Wumpus (worn) {rF+ Regen+ rCorr}
   (You acquired it on level 2 of the Snake Pit)

   It protects you from fire.
   It increases your rate of regeneration.
   It provides partial protection from all sources of acid and corrosion.
 p - a +2 hat of magic resistance (worn)
 J - a +3 buckler of reflection (worn)
Jewellery
 n - a +5 ring of strength (left claw)
 w - the amulet of Acluf {*Corrode +Rage rElec MR++}
   (You acquired it on level 2 of the Vaults)

   [amulet of rage]

   It insulates you from electricity.
   It affects your resistance to hostile enchantments.
   It lets you go berserk.
   It may corrode you when you take damage.
 F - an uncursed ring of protection from fire
 T - a +4 ring of evasion (right claw)
 W - an uncursed ring of resist corrosion
 X - an amulet of guardian spirit (around neck)
Wands
 u - a wand of flame (13)
 v - a wand of acid (10)
 z - a wand of iceblast (17)
 I - a wand of paralysis (66)
 Q - a wand of digging (37)
 R - a wand of enslavement (10)
 Z - a wand of disintegration (64)
Scrolls
 l - 7 scrolls of amnesia
 q - 2 scrolls of vulnerability
 t - 19 scrolls of teleportation
 x - 15 scrolls of remove curse
 y - 7 scrolls of blinking
 A - 5 scrolls of fear
 C - 4 scrolls of fog
 G - 4 scrolls of magic mapping
 M - 5 scrolls of immolation
 O - a scroll of summoning
Potions
 c - 13 potions of curing
 f - 4 potions of mutation
 g - 16 potions of heal wounds
 h - a potion of ambrosia
 i - 9 potions of lignification
 j - 2 potions of resistance
 k - 5 potions of flight
 m - 8 potions of brilliance
 r - 4 potions of cancellation
 s - 5 potions of agility
 D - 3 potions of invisibility
 L - 5 potions of might
 N - 5 potions of haste
 P - a potion of magic
 U - 5 potions of berserk rage
Miscellaneous
 E - a phial of floods (inert)
 S - a lightning rod (4/4)
 Y - 2 sacks of spiders
Comestibles
 H - 31 rations


   Skills:
 + Level 10.4 Fighting
 - Level 10.0 Short Blades
 - Level 6.0 Slings
 - Level 3.0 Armour
 + Level 22.0 Dodging
 + Level 15.8 Stealth
 - Level 7.2 Shields
 + Level 15.3 Spellcasting
 - Level 13.0 Hexes
 - Level 5.0 Summonings
 + Level 9.6 Necromancy
 - Level 4.0 Ice Magic
 + Level 9.5 Earth Magic
 - Level 15.0 Invocations
 - Level 4.0 Evocations


You had 31 spell levels left.
You knew the following spells:

 Your Spells              Type           Power        Failure   Level  Hunger
a - Ensorcelled Hibernat  Hex/Ice        ######       1%          2    None
b - Tukima's Dance        Hex            ######..     1%          3    None
c - Borgnjor's Vile Clut  Necr/Erth      ######....   3%          5    ###....
d - Summon Mana Viper     Hex/Summ       ######..     4%          5    ###....
z - Confuse               Hex            ######..     1%          3    None

Your spell library contained the following spells:

 Spells                   Type           Power        Failure   Level  Hunger
 Corona                   Hex            ######.      1%          1    None
 Sandblast                Erth           ######       1%          1    None
 Summon Butterflies       Summ           #####...     1%          1    None
 Summon Small Mammal      Summ           ####         1%          1    None
 Call Imp                 Summ           #####...     1%          2    None
 Passwall                 Tmut/Erth      #####...     1%          2    None
 Dazzling Spray           Conj/Hex       #####.       1%          3    None
 Spectral Weapon          Hex/Chrm       #####...     1%          3    None
 Summon Guardian Golem    Hex/Summ       ######..     1%          3    None
 Animate Dead             Necr           N/A          1%          4    None
 Cause Fear               Hex            ######....   1%          4    None
 Leda's Liquefaction      Hex/Erth       ######....   1%          4    None
 Call Canine Familiar     Summ           #####...     2%          3    None
 Regeneration             Chrm/Necr      #####.....   2%          3    None
 Fulminant Prism          Conj/Hex       #####.....   4%          4    None
 Darkness                 Hex            ######....   4%          6    #####..
 Flame Tongue             Conj/Fire      ###..        6%          1    None
 Magic Dart               Conj           ###.         6%          1    None
 Shock                    Conj/Air       ###.         6%          1    None
 Sting                    Conj/Pois      ###.         6%          1    None
 Ozocubu's Armour         Chrm/Ice       ###.....     8%          3    None
 Poisonous Vapours        Pois/Air       ###...       9%          2    None
 Searing Ray              Conj           ###...       9%          2    None
 Swiftness                Chrm/Air       ###.....     9%          2    None
 Throw Flame              Conj/Fire      ###...       9%          2    None
 Summon Ice Beast         Ice/Summ       ####....     9%          4    None
 Silence                  Hex/Air        #####.....   11%         5    ###....
 Yara's Violent Unravell  Hex/Tmut       #####.....   11%         5    ###....
 Conjure Flame            Conj/Fire      ###.....     17%         3    None
 Ignite Poison            Fire/Tmut/Pois ###.....     17%         3    None
 Mephitic Cloud           Conj/Pois/Air  ###.....     17%         3    None
 Spider Form              Tmut/Pois      ###.......   17%         3    None
 Static Discharge         Conj/Air       ###.....     17%         3    None
 Summon Lightning Spire   Summ/Air       ####....     21%         4    None
 Bolt of Magma            Conj/Fire/Erth ####......   38%         5    ###....
 Airstrike                Air            ###.......   50%         4    None
 Force Lance              Conj/Tloc      ###.....     50%         4    None
 Iskenderun's Mystic Bla  Conj           ###.....     50%         4    None
 Olgreb's Toxic Radiance  Pois           ###.....     50%         4    None
 Iron Shot                Conj/Erth      #####.....   77%         6    #####..
 Statue Form              Tmut/Erth      #####....    77%         6    #####..
 Alistair's Intoxication  Tmut/Pois      ###.....     85%         5    ###....
 Fireball                 Conj/Fire      ###.......   85%         5    ###....
 Lightning Bolt           Conj/Air       ###.......   85%         5    ###....
 Venom Bolt               Conj/Pois      ###.......   85%         5    ###....
 Freezing Cloud           Conj/Ice/Air   ###.......   99%         6    #####..
 Summon Hydra             Summ           #####.....   99%         7    ######.
 Deflect Missiles         Chrm/Air       ###.......   100%        6    #####..
 Ring of Flames           Chrm/Fire      ###.......   100%        7    ######.
 Shatter                  Erth           ######....   100%        9    #######


Dungeon Overview and Level Annotations

Branches:
Dungeon (15/15)            Temple (0/1) D:7            Lair (6/6) D:11
  Swamp (4/4) Lair:2        Snake (4/4) Lair:4        Slime (0/5) Lair:6
    Orc (2/2) D:11            Elf (0/3) Orc:2        Vaults (4/5) D:13
  Crypt (0/3) Vaults:3     Depths (0/5) D:15

Altars:
Ashenzari
Cheibriados
Dithmenos
Fedhas
Makhleb
Nemelex Xobeh
Xom
The Shining One
Beogh

Shops:
D:6 ?   Orc:1 ?   Orc:2 %?(:   Snake:2 ?}%   Snake:3 !   Vaults:1 !
Vaults:2 !   Vaults:3 =(

Portals:
Pandemonium: Orc:2

Annotations:
Snake:2 exclusion: downstairs
Vaults:4 1 runed door, fidoburger's ghost, adept DEFE


Innate Abilities, Weirdness & Mutations

You are very small and have problems with some larger weapons.
You are too small for most types of armour.
You have supernaturally acute eyesight. (SInv)
You are a herbivore.
You cover ground extremely quickly.
You need to consume almost no food.
You have sharp fingernails.


Message History

Aiming: Confuse (safe; 1% risk of failure)
Press: ? - help, Shift-Dir - straight line, f/p - frost giant
Aim: a frost giant, wielding a +0 battleaxe of freezing (chance to defeat MR: 28%)
The frost giant easily resists.
The frost giant points at you and mumbles some strange words.
The bolt of cold misses you.
The frost giant gestures at you while chanting.
The bolt of cold misses you.
There is an open door here.
You see here a phial of floods (inert).
The frost giant points at you and mumbles some strange words.
The bolt of cold hits you!
* * * LOW HITPOINT WARNING * * *
You see here 32 gold pieces.
You feel much better.
There is an open door here.
The frost giant gestures at you while chanting.
The bolt of cold hits you!
You die...
Your body glows with a rainbow of weird colours and disappears.

#############
#...........#
#...........#
#...†.......#
#...........# #####
#...........###.#.##
#...........##)$#$)##
#..........@'.$C'$..#
#...........###.#.###
#...........'..=+?%.
#...........##)$#..##
#...........###.#.##
####'###########
##### #........#
#........#
###########
#........#
#.........#


You could see a frost giant.

Vanquished Creatures
  the Lernaean hydra (Swamp:4)
  Vashnia (Snake:2)
  A caustic shrike (Swamp:4)
  A quicksilver dragon (Vaults:3)
  2 sphinxes
  4 storm dragons
  Roxanne (Swamp:2)
  A tengu reaver (D:15)
  9 nagarajas (Snake:4)
  2 fire giants
  An azure jelly (Snake:3)
  3 frost giants
  6 vault wardens
  An emperor scorpion (Vaults:4)
  A deep elf sorcerer (Vaults:2)
  An orc warlord (Vaults:4)
  Louise (D:15)
  A ghoul (Vaults:4)
  5 ironheart preservers
  9 stone giants
  5 very ugly things
  A war gargoyle (Vaults:4)
  2 entropy weavers
  A deep elf demonologist (Vaults:4)
  2 minotaurs
  3 ettins
  2 fire dragons
  4 great orbs of eyes
  13 yaktaur captains
  2 rakshasas
  26 hydras
  4 ice dragons
  5 vault guards
  2 shambling mangroves (Swamp:3)
  A ghost crab (Swamp:3)
  Erica (D:11)
  7 ogre magi
  9 naga warriors
  8 anacondas
  9 centaur warriors
  A catoblepas (Lair:6)
  5 death knights
  16 alligators
  15 two-headed ogres
  A deep troll shaman (Lair:6)
  5 orc high priests (Orc:2)
  2 death yaks (Lair:6)
  13 naga sharpshooters
  A tengu warrior (D:15)
  2 sun demons (Orc:2)
  3 shock serpents
  3 deep elf knights (Vaults:4)
  5 hell knights (Vaults:4)
  A salamander mystic (Snake:2)
  A death drake (Lair:5)
  A sea snake (Vaults:3)
  5 deep trolls
  A sixfirhy (Orc:2)
  3 skeletal warriors
  3 spriggan druids
  A flayed ghost (D:15)
  A wizard (D:15)
  2 shadow wraiths
  A phantasmal warrior (D:15)
  An infernal demonspawn (Orc:2)
  2 torturous demonspawn (Orc:2)
  6 naga ritualists
  Pikel (D:7)
  11 swamp dragons
  3 glowing orange brains
  13 ironbrand convokers
  A lindwurm (D:14)
  13 orc knights
  5 deep elf archers
  11 deep elf magi
  A harpy (shapeshifter) (Vaults:3)
  4 harpies (Vaults:1)
  6 salamanders
  12 orc sorcerers
  3 necromancers
  35 ugly things
  7 cyclopes
  A shining eye (Vaults:4)
  10 mana vipers
  A fire giant zombie (Vaults:2)
  5 manticores
  3 wolf spiders
  A faun (shapeshifter) (D:15)
  An oklob plant (Gauntlet)
  A black mamba (shapeshifter) (D:13)
  24 black mambas
  8 elephants
  A stone giant skeleton (Vaults:2)
  12 vault sentinels
  A smoke demon (Orc:2)
  A centaur zombie (D:12)
  16 spiny frogs
  3 gargoyles
  The ghost of Zonian the Charmwright, a novice GnSk of Makhleb (D:5)
  22 naga magi
  11 yaktaurs
  2 efreet
  8 freezing wraiths
  6 komodo dragons
  3 rime drakes (Lair:5)
  A kobold demonologist (D:11)
  A jumping spider (Lair:5)
  A queen bee (D:10)
  A meliai (shapeshifter) (Vaults:1)
  A harpy zombie (D:15)
  A meliai (D:13)
  10 trolls
  A wind drake (shapeshifter) (Vaults:2)
  33 slime creatures
  17 hornets
  3 polar bears (Lair:6)
  A wolf spider simulacrum (D:15)
  12 blink frogs
  15 bog bodies
  A frost giant simulacrum (Vaults:2)
  A raiju (shapeshifter) (Vaults:2)
  11 tyrant leeches
  9 spriggans
  13 hippogriffs
  A hippogriff (shapeshifter) (D:13)
  29 yaks
  2 tarantellas
  6 wraiths
  Sigmund (D:5)
  4 wyverns
  9 shadows
  Eustachio (D:6)
  4 humans (D:8)
  A golden eye (shapeshifter) (Vaults:4)
  A hog (shapeshifter) (Vaults:1)
  7 basilisks
  A basilisk (shapeshifter) (Vaults:3)
  6 hungry ghosts
  A neqoxec (Orc:2)
  2 steam dragons (Orc:2)
  22 vampire mosquitoes
  5 acid dragons
  A warg (Orc:2)
  24 swamp worms
  9 insubstantial wisps
  37 nagas
  Duvessa (D:7)
  6 water moccasins
  A meliai simulacrum (D:15)
  4 porcupines
  A soldier ant (D:13)
  10 swamp drakes
  An ettin simulacrum (Vaults:2)
  34 orc warriors
  A sky beast (D:15)
  7 ice beasts
  2 slaves (D:7)
  A black bear (Lair:6)
  An eye of draining (D:15)
  2 phantoms
  12 centaurs
  16 ogres
  5 boggarts (Vaults:1)
  39 wolves
  A necrophage (D:6)
  19 crocodiles
  A big kobold (shapeshifter) (Vaults:1)
  5 big kobolds
  Blork the orc (D:5)
  12 bullfrogs
  6 gnoll sergeants
  Dowan (D:7)
  4 scorpions
  30 killer bees
  An electric eel (D:11)
  10 howler monkeys
  7 crimson imps
  A bullfrog zombie (D:6)
  10 hounds
  9 jellies
  2 quasits
  8 centaur skeletons
  24 orc priests
  3 bullfrog skeletons
  2 gnoll shamans (Bailey)
  Jessica (D:2)
  7 iguanas
  14 orc wizards
  7 worker ants
  12 gnolls
  10 adders
  2 river rats
  4 shadow imps
  7 oozes
  An adder zombie (D:7)
  3 adder skeletons
  2 dart slugs
  2 worms (D:3)
  8 leopard geckos
  74 orcs
  2 ball pythons
  13 bats
  5 giant cockroaches
  14 goblins
  10 hobgoblins
  24 jackals
  22 kobolds
  6 quokkas
  A ball python skeleton (D:4)
  7 frilled lizards
  A giant cockroach zombie (D:5)
  3 leopard gecko zombies
  2 quokka skeletons
  5 rats
  2 fungi
  2 plants (D:15)
1409 creatures vanquished.

Vanquished Creatures (collateral kills)
  Agnes (Snake:2)
  A fire giant (Vaults:1)
  A frost giant (D:15)
  An ironheart preserver (Vaults:4)
  A stone giant (D:15)
  A deep elf annihilator (Vaults:4)
  A green death (Gauntlet)
  A fire dragon (Vaults:1)
  An ogre mage (Vaults:2)
  3 hydras
  2 vault guards (Vaults:1)
  3 naga warriors
  2 catoblepae
  2 two-headed ogres (Vaults:2)
  A death yak (Lair:6)
  A lindwurm (Lair:4)
  A necromancer (D:13)
  4 oklob plants (Lair:4)
  A harpy (Vaults:1)
  An orc sorcerer (Orc:2)
  An ugly thing (Vaults:4)
  A salamander (Snake:3)
  A guardian serpent (Snake:3)
  An elephant (Lair:6)
  An eye of devastation (shapeshifter) (Vaults:3)
  3 naga magi
  A black mamba (Lair:4)
  A torpor snail (Lair:2)
  A spiny frog (Lair:6)
  A komodo dragon (Lair:6)
  A yaktaur (D:15)
  A troll (Orc:1)
  A hornet (Lair:1)
  A slime creature (Lair:6)
  A water elemental (D:11)
  A yak (Lair:3)
  A basilisk (D:15)
  A vampire mosquito (D:15)
  A swamp worm (Lair:2)
  A naga (Snake:3)
  A water moccasin (Lair:6)
  4 orc warriors
  An ice beast (D:12)
  An ogre (Vaults:2)
  3 wolves (Lair:1)
  A crocodile (D:15)
  2 bullfrogs
  4 gnoll sergeants (Bailey)
  A killer bee (D:10)
  An electric eel (D:11)
  A bullfrog skeleton (D:11)
  4 gnoll shamans (Bailey)
  3 orc priests
  3 orc wizards
  Robin (D:2)
  9 gnolls (Bailey)
  An ooze (Orc:2)
  11 orcs
  A hobgoblin (D:2)
  A kobold (D:2)
  3 goblins (D:2)
109 creatures vanquished.

Vanquished Creatures (others)
  A death knight (D:15)
  A naga sharpshooter (Snake:1)
  A deep elf knight (Vaults:4)
  A deep elf archer (D:15)
  An ugly thing (Vaults:4)
  A spiny frog (Swamp:3)
  A hippogriff (Vaults:3)
  A spriggan (Swamp:3)
  3 yaks
  2 wargs (Vaults:4)
  A swamp drake (Swamp:3)
  3 orc warriors
  A sky beast (D:15)
  A wolf (Lair:5)
  An orc priest (D:4)
  4 orc wizards
  A hound skeleton (D:7)
  3 ball lightnings
  7 orcs
  10 fungi
  14 plants
  2 toadstools (D:1)
61 creatures vanquished.

Grand Total: 1579 creatures vanquished

Notes
Turn   | Place    | Note
-------+----------+-------------------------------------------
     0 | D:1      | zishaf the Spriggan Enchanter began the quest for the Orb.
     0 | D:1      | Reached XP level 1. HP: 9/9 MP: 5/5
    73 | D:1      | Reached XP level 2. HP: 13/13 MP: 6/6
    77 | D:1      | Learned a level 2 spell: Ensorcelled Hibernation
   523 | D:1      | Reached XP level 3. HP: 11/16 MP: 1/8
   637 | D:1      | Reached skill level 5 in Stealth
  1446 | D:2      | Found a sparkling altar of Nemelex Xobeh.
  1482 | D:2      | Became a worshipper of Nemelex Xobeh the Trickster
  1961 | D:2      | Reached XP level 4. HP: 21/21 MP: 5/10
  2068 | D:2      | Noticed Jessica
  2117 | D:2      | Killed Jessica
  2153 | D:2      | Received a gift from Nemelex Xobeh
  2225 | D:2      | Found a glowing golden altar of the Shining One.
  2276 | D:2      | Reached skill level 4 in Dodging
  2408 | D:2      | Reached skill level 1 in Invocations
  2413 | D:2      | Noticed Robin
  2428 | D:2      | Killed Robin
  2867 | D:3      | Reached XP level 5. HP: 20/24 MP: 6/11
  2966 | D:3      | Reached * piety under Nemelex Xobeh
  3054 | D:3      | Found a glowing drain.
  3133 | Sewer    | Entered a sewer
  3212 | Sewer    | Noticed a crocodile
  3406 | Sewer    | Killed a crocodile
  3406 | Sewer    | Reached skill level 1 in Ice Magic
  4230 | D:3      | Reached XP level 6. HP: 21/28 MP: 0/13
  4536 | D:4      | Received a gift from Nemelex Xobeh
  4736 | D:4      | Reached skill level 1 in Shields
  4792 | D:4      | Reached skill level 5 in Hexes
  4801 | D:4      | Reached skill level 5 in Dodging
  4801 | D:4      | Reached XP level 7. HP: 32/32 MP: 9/14
  4865 | D:4      | You fall through a shaft!
  4865 | D:5      | Entered Level 5 of the Dungeon
  4900 | D:5      | Reached ** piety under Nemelex Xobeh
  4904 | D:5      | Got a sapphire-encrusted chain mail
  5000 | D:4      | Found a sparkling altar of Nemelex Xobeh.
  5185 | D:5      | Noticed a hippogriff
  5190 | D:5      | Killed a hippogriff
  5330 | D:5      | Learned a level 3 spell: Confuse
  5445 | D:5      | Noticed Sigmund
  5453 | D:5      | Killed Sigmund
  5590 | D:5      | Reached skill level 5 in Spellcasting
  5795 | D:5      | Reached XP level 8. HP: 26/36 MP: 9/16
  5939 | D:5      | Reached skill level 6 in Dodging
  6028 | D:5      | Noticed Blork the orc
  6030 | D:5      | Killed Blork the orc
  6127 | D:5      | Found a runed gate.
  6127 | D:5      | Found a runed gate.
  6127 | D:5      | Found a runed gate.
  6127 | D:5      | Noticed Zonian's ghost (novice GnSk)
  6175 | D:5      | Killed Zonian's ghost
  6519 | D:6      | Found Dorut's Magic Scroll Shop.
  6557 | D:6      | Reached skill level 7 in Dodging
  6601 | D:6      | Noticed Eustachio
  6610 | D:6      | Killed Eustachio
  6813 | D:6      | Received a gift from Nemelex Xobeh
  6840 | D:6      | Reached *** piety under Nemelex Xobeh
  6863 | D:6      | Reached XP level 9. HP: 26/39 MP: 9/17
  7430 | D:6      | Received a gift from Nemelex Xobeh
  7892 | D:7      | Noticed Duvessa
  7897 | D:7      | Noticed Dowan
  7898 | D:7      | Killed Duvessa
  7901 | D:7      | Killed Dowan
  7901 | D:7      | Reached skill level 8 in Dodging
  7977 | D:7      | Noticed Pikel
  7985 | D:7      | Killed Pikel
  7985 | D:7      | Reached skill level 5 in Invocations
  8140 | D:7      | Found a staircase to the Ecumenical Temple.
  8158 | D:7      | Reached skill level 10 in Stealth
  8166 | D:7      | Received a gift from Nemelex Xobeh
  8420 | D:7      | Reached skill level 9 in Dodging
  8948 | D:8      | Reached **** piety under Nemelex Xobeh
  8991 | D:8      | Received a gift from Nemelex Xobeh
  9029 | D:8      | Reached XP level 10. HP: 44/44 MP: 11/18
  9907 | D:9      | Reached skill level 10 in Dodging
  9946 | D:9      | Received a gift from Nemelex Xobeh
 10280 | D:9      | Reached skill level 5 in Shields
 10380 | D:10     | Entered Level 10 of the Dungeon
 10410 | D:10     | Found a flagged portal.
 10436 | Bailey   | Entered a bailey
 11065 | D:10     | Reached skill level 5 in Short Blades
 11176 | D:10     | Received a gift from Nemelex Xobeh
 11182 | D:10     | Reached XP level 11. HP: 43/47 MP: 19/19
 11407 | D:10     | Reached skill level 11 in Dodging
 11850 | D:11     | Reached ***** piety under Nemelex Xobeh
 11886 | D:11     | Received a gift from Nemelex Xobeh
 12046 | D:11     | Reached skill level 10 in Hexes
 12065 | D:11     | Noticed a two-headed ogre
 12087 | D:11     | Noticed a two-headed ogre
 12092 | D:11     | Killed a two-headed ogre
 12109 | D:11     | Killed a two-headed ogre
 12261 | D:11     | Found a staircase to the Lair.
 12360 | D:11     | Got a smelly ring mail
 12395 | D:11     | Noticed Erica
 12404 | D:11     | Noticed a cyan ugly thing
 12407 | D:11     | Noticed a six-headed hydra
 12411 | D:11     | Killed Erica
 12411 | D:11     | Reached skill level 12 in Dodging
 12440 | D:11     | Killed a cyan ugly thing
 12656 | D:11     | Killed a six-headed hydra
 12896 | D:11     | Found a staircase to the Orcish Mines.
 13307 | Lair:1   | Entered Level 1 of the Lair of Beasts
 13387 | Lair:1   | Received a gift from Nemelex Xobeh
 13471 | Lair:1   | Noticed a spriggan rider
 13475 | Lair:1   | Reached XP level 12. HP: 31/51 MP: 8/20
 13882 | Lair:1   | Received a gift from Nemelex Xobeh
 14607 | Lair:2   | Received a gift from Nemelex Xobeh
 14679 | Lair:2   | Got an encrusted spear
 14691 | Lair:2   | Identified the cursed +1 spear of Earthquakes {drain, +Fly
                  | rN+ Str+6 Dex-3} (You found it on level 2 of the Lair of
                  | Beasts)
 14695 | Lair:2   | Found a staircase to the Swamp.
 14735 | Lair:2   | Reached skill level 13 in Dodging
 14888 | Lair:2   | Received a gift from Nemelex Xobeh
 14980 | Lair:2   | You fall through a shaft!
 15114 | Lair:3   | Noticed a six-headed hydra
 15147 | Lair:3   | Killed a six-headed hydra
 15190 | Lair:3   | Received a gift from Nemelex Xobeh
 15706 | Lair:2   | HP: 2/51 [swamp worm/harpoon shot (10)]
 16331 | Lair:2   | Learned a level 3 spell: Tukima's Dance
 16651 | Lair:3   | Received a gift from Nemelex Xobeh
 16678 | Lair:3   | Reached ****** piety under Nemelex Xobeh
 17144 | Lair:4   | Received a gift from Nemelex Xobeh
 17521 | Lair:4   | Reached skill level 14 in Dodging
 17524 | Lair:4   | Identified the Reference Book on Self-Knowledge
 17542 | Lair:4   | Got a faintly glowing lead amulet
 17552 | Lair:4   | Identified the amulet of Scepticism {Regen+ Dex+4} (You
                  | found it on level 4 of the Lair of Beasts)
 17821 | Lair:4   | Found a staircase to the Snake Pit.
 18015 | Lair:4   | Reached skill level 10 in Invocations
 18268 | Lair:4   | Reached XP level 13. HP: 35/55 MP: 22/25
 19145 | Lair:5   | Reached skill level 10 in Short Blades
 19191 | Lair:5   | Received a gift from Nemelex Xobeh
 19350 | Lair:5   | Received a gift from Nemelex Xobeh
 19405 | Lair:5   | Got a pair of jewelled gloves
 19576 | Lair:6   | Entered Level 6 of the Lair of Beasts
 19631 | Lair:6   | Received a gift from Nemelex Xobeh
 19685 | Lair:6   | Reached skill level 15 in Dodging
 19949 | Lair:6   | Received a gift from Nemelex Xobeh
 20490 | Lair:6   | Found a staircase to the Slime Pits.
 20611 | Lair:6   | Received a gift from Nemelex Xobeh
 20658 | Lair:6   | Reached skill level 10 in Spellcasting
 20667 | Lair:6   | Reached skill level 1 in Fighting
 21156 | Lair:6   | Found the +3 Elemental Staff {rElec rF++ rC++ MR++ AC+5}
 21169 | Lair:6   | Reached skill level 16 in Dodging
 21169 | Lair:6   | Reached XP level 14. HP: 63/63 MP: 24/29
 21920 | D:12     | Got a steaming short sword
 21921 | D:12     | Identified the cursed +2 short sword of World's End
                  | {antimagic, Str+9 Dex-3} (You found it on level 12 of the
                  | Dungeon)
 22046 | D:12     | Found a shimmering altar of Xom.
 22311 | D:12     | Got a jewelled shield
 22434 | D:12     | Received a gift from Nemelex Xobeh
 22559 | D:12     | Found a blossoming altar of Fedhas.
 22559 | D:12     | Found a glowing silver altar of Zin.
 22561 | D:12     | Found a shadowy altar of Dithmenos.
 22561 | D:12     | Found a burning altar of Makhleb.
 22561 | D:12     | Found a snail-covered altar of Cheibriados.
 22935 | D:13     | Received a gift from Nemelex Xobeh
 23146 | D:13     | Found a shattered altar of Ashenzari.
 23213 | D:13     | Found a gate to the Vaults.
 23362 | D:13     | You fall through a shaft for 2 floors!
 23362 | D:15     | Entered Level 15 of the Dungeon
 23574 | D:15     | Noticed a stone giant
 23603 | D:15     | Killed a stone giant
 23754 | D:15     | Noticed a frost giant
 23838 | D:15     | Identified the +0 quarterstaff "Ogreslayer" {venom, rPois}
 23847 | D:15     | Killed a frost giant
 23973 | D:15     | Reached skill level 17 in Dodging
 24052 | D:15     | Noticed a frost giant
 24192 | D:15     | Found a shimmering altar of Xom.
 24193 | D:15     | Found a shadowy altar of Dithmenos.
 24196 | D:15     | Found a shattered altar of Ashenzari.
 24216 | D:15     | Received a gift from Nemelex Xobeh
 24622 | D:15     | Noticed Louise
 24636 | D:15     | Killed Louise
 24766 | D:15     | Found a staircase to the Depths.
 25158 | D:14     | Reached XP level 15. HP: 71/71 MP: 19/30
 25161 | D:14     | Reached skill level 5 in Fighting
 25681 | D:13     | Noticed a fire giant
 25765 | D:13     | Killed a fire giant
 25983 | D:13     | Received a gift from Nemelex Xobeh
 26175 | Orc:1    | Entered Level 1 of the Orcish Mines
 26241 | Orc:1    | Found a burning altar of Makhleb.
 26506 | Orc:2    | Entered Level 2 of the Orcish Mines
 26506 | Orc:2    | Found a staircase to the Elven Halls.
 26547 | Orc:2    | Found a dark tunnel.
 26555 | Volcano  | Entered a volcano
 26558 | Volcano  | Received a gift from Nemelex Xobeh
 26737 | Orc:2    | Found a gate leading to a gauntlet.
 26747 | Gauntlet | Entered a Gauntlet
 26747 | Gauntlet | Found a transporter.
 26747 | Gauntlet | Found a transporter.
 26747 | Gauntlet | Found a runed door.
 26755 | Gauntlet | Found a transporter.
 26759 | Gauntlet | Found a transporter.
 26768 | Gauntlet | Found a transporter.
 26772 | Gauntlet | Found a transporter.
 26776 | Gauntlet | Found a runed door.
 26781 | Gauntlet | Found a runed door.
 26783 | Gauntlet | Found a transporter.
 26799 | Gauntlet | Found a transporter.
 26816 | Gauntlet | Found a transporter.
 26817 | Gauntlet | Found a transporter.
 26828 | Gauntlet | Found a transporter.
 26829 | Gauntlet | Found a transporter.
 26833 | Gauntlet | Found a runed door.
 27083 | Gauntlet | Reached skill level 1 in Evocations
 27109 | Gauntlet | Received a gift from Nemelex Xobeh
 27146 | Gauntlet | Identified the Guide on Malediction
 27149 | Gauntlet | Identified the Guide on Toxins and Snow
 27724 | Orc:2    | Found Neakhylu's Magic Scroll Emporium.
 27759 | Orc:2    | Reached skill level 1 in Armour
 27950 | Orc:2    | Found Qoedd's Food Shoppe.
 28201 | Orc:2    | Bought a scroll of acquirement for 728 gold pieces
 28245 | Orc:2    | Gained mutation: Your spells are a little easier to cast,
                  | but a little less powerful. [a neqoxec]
 29251 | Orc:2    | Found Acos's Antique Weapon Boutique.
 29251 | Orc:2    | Found a one-way gate leading to the halls of Pandemonium.
 29251 | Orc:2    | Found Aryedy's Book Shop.
 29476 | Orc:2    | Bought an iridescent short sword for 248 gold pieces
 29476 | Orc:2    | Identified the +3 short sword of Quos {drain, Str+2} (You
                  | bought it in a shop on level 2 of the Orcish Mines)
 29487 | Orc:2    | Bought the Compendium of Black Secrets for 1170 gold pieces
 29493 | Orc:2    | Learned a level 5 spell: Borgnjor's Vile Clutch
 29599 | Orc:1    | Received a gift from Nemelex Xobeh
 29599 | Orc:1    | Found Deuthrext's Magic Scroll Shoppe.
 29636 | Orc:1    | Found a roughly hewn altar of Beogh.
 29909 | D:14     | Reached skill level 18 in Dodging
 30384 | D:14     | Reached skill level 1 in Earth Magic
 30410 | D:14     | Reached skill level 1 in Necromancy
 31011 | D:15     | a frost giant changed into a stone giant
 31230 | D:15     | Reached XP level 16. HP: 73/78 MP: 24/33
 31736 | D:15     | Noticed a storm dragon
 31784 | D:15     | Noticed a storm dragon
 31877 | D:15     | Noticed a sphinx
 32013 | D:15     | Identified the +5 executioner's axe "Spriggan's Regret"
                  | {speed, rElec}
 32170 | D:15     | Identified the +4 arbalest "Beastbane" {penet, Str+5 Int+4}
 32194 | D:15     | Killed a storm dragon
 32266 | D:15     | Killed a sphinx
 32613 | D:15     | Killed a storm dragon
 32819 | D:15     | Identified the Papyrus of Fiery Clay
 33033 | Swamp:1  | Entered Level 1 of the Swamp
 33033 | Swamp:1  | Received a gift from Nemelex Xobeh
 33494 | Swamp:1  | Received a gift from Nemelex Xobeh
 34148 | Swamp:2  | Received a gift from Nemelex Xobeh
 34933 | Swamp:2  | Noticed Roxanne
 35270 | Swamp:2  | Received a gift from Nemelex Xobeh
 35486 | Swamp:2  | Identified the +5 demon trident "Dragonbane" {drain, MP+9
                  | Int+6}
 35528 | Swamp:2  | Killed Roxanne
 35683 | Swamp:3  | Found a shattered altar of Ashenzari.
 35745 | Swamp:3  | Reached skill level 19 in Dodging
 36442 | Swamp:2  | Lost mutation: Your spells are a little easier to cast, but
                  | a little less powerful. [potion of mutation]
 36442 | Swamp:2  | Gained mutation: Your spells are a little easier to cast,
                  | but a little less powerful. [potion of mutation]
 36442 | Swamp:2  | Gained mutation: You evolve. [potion of mutation]
 36443 | Swamp:2  | Lost mutation: Your spells are a little easier to cast, but
                  | a little less powerful. [potion of mutation]
 36443 | Swamp:2  | Lost mutation: You evolve. [potion of mutation]
 36443 | Swamp:2  | Gained mutation: You have sharp fingernails. [potion of
                  | mutation]
 36467 | Swamp:3  | Received a gift from Nemelex Xobeh
 37016 | Swamp:3  | Reached skill level 1 in Slings
 37016 | Swamp:3  | Reached skill level 5 in Earth Magic
 37024 | Swamp:3  | Reached skill level 5 in Necromancy
 37310 | Swamp:3  | Reached XP level 17. HP: 85/85 MP: 31/34
 37808 | Swamp:4  | Entered Level 4 of the Swamp
 38979 | Swamp:4  | Received a gift from Nemelex Xobeh
 39058 | Swamp:4  | Noticed the 27-headed Lernaean hydra
 39399 | Swamp:4  | Killed the 27-headed Lernaean hydra
 39449 | Swamp:4  | Got a decaying rune of Zot
 40021 | Swamp:4  | Noticed Nikola
 40032 | Swamp:4  | Noticed Nikola
 40032 | Swamp:4  | Nikola changed into Nikola the caustic shrike
 40037 | Swamp:4  | Killed Nikola the caustic shrike
 40258 | Snake:1  | Entered Level 1 of the Snake Pit
 40380 | Snake:1  | Received a gift from Nemelex Xobeh
 40977 | Snake:1  | You fall through a shaft!
 41020 | Snake:2  | Noticed Vashnia
 41125 | Snake:2  | Found Fariz's Food Boutique.
 41127 | Snake:2  | Found Momus's Gadget Shop.
 41129 | Snake:2  | Found Errouth's Magic Scroll Boutique.
 41439 | Snake:2  | Bought a scroll of blinking for 127 gold pieces
 41439 | Snake:2  | Bought a scroll of fog for 34 gold pieces
 41599 | Snake:1  | Received a gift from Nemelex Xobeh
 41653 | Snake:2  | Noticed Agnes
 41666 | Snake:2  | Killed Agnes
 42237 | Snake:2  | Received a gift from Nemelex Xobeh
 43023 | Snake:2  | Got garnet-encrusted acid dragon scales
 43064 | Snake:1  | Identified the +3 acid dragon scales of the Wumpus {rF+
                  | Regen+ rCorr} (You acquired it on level 2 of the Snake Pit)
 43396 | Snake:2  | Killed Vashnia
 44089 | Snake:2  | Reached skill level 5 in Slings
 44573 | Snake:3  | Received a gift from Nemelex Xobeh
 44714 | Snake:3  | Reached XP level 18. HP: 70/90 MP: 13/35
 45244 | Snake:3  | Learned a level 5 spell: Summon Mana Viper
 45286 | Snake:3  | Found Oniele's Distillery.
 45289 | Snake:3  | Bought a potion of curing for 48 gold pieces
 45289 | Snake:3  | Bought a potion of curing for 48 gold pieces
 45289 | Snake:3  | Bought a potion of curing for 48 gold pieces
 45289 | Snake:3  | Bought a potion of heal wounds for 80 gold pieces
 45289 | Snake:3  | Bought a potion of heal wounds for 80 gold pieces
 45289 | Snake:3  | Bought a potion of heal wounds for 80 gold pieces
 45289 | Snake:3  | Bought a potion of curing for 48 gold pieces
 45289 | Snake:3  | Bought a potion of heal wounds for 80 gold pieces
 45869 | Snake:4  | Entered Level 4 of the Snake Pit
 45874 | Snake:4  | Received a gift from Nemelex Xobeh
 46119 | Snake:4  | Reached skill level 20 in Dodging
 46835 | Snake:4  | Reached skill level 1 in Summonings
 48380 | Snake:4  | Got a serpentine rune of Zot
 48696 | Snake:4  | Received a gift from Nemelex Xobeh
 49476 | Vaults:1 | Entered Level 1 of the Vaults
 49730 | Vaults:1 | Reached skill level 15 in Invocations
 50105 | Vaults:1 | Found Avvant's Distillery.
 50113 | Vaults:1 | Bought a potion of curing for 48 gold pieces
 50113 | Vaults:1 | Bought a potion of curing for 48 gold pieces
 50170 | Vaults:1 | Received a gift from Nemelex Xobeh
 50716 | Vaults:1 | Reached XP level 19. HP: 95/95 MP: 37/37
 51132 | Vaults:1 | Received a gift from Nemelex Xobeh
 51899 | Vaults:2 | Upgraded the game from 0.23-a0-705-g0e654d2 to
                  | 0.23-a0-713-ge59bbb1
 52225 | Vaults:2 | Found Zaemotal's Distillery.
 52233 | Vaults:2 | Bought a potion of heal wounds for 75 gold pieces
 52233 | Vaults:2 | Bought a potion of curing for 45 gold pieces
 52233 | Vaults:2 | Bought a potion of curing for 45 gold pieces
 52233 | Vaults:2 | Bought a potion of curing for 45 gold pieces
 52233 | Vaults:2 | Bought a potion of curing for 45 gold pieces
 53080 | Vaults:2 | Got an ancient pewter amulet
 53110 | Vaults:2 | Identified the amulet of Acluf {*Corrode +Rage rElec MR++}
                  | (You acquired it on level 2 of the Vaults)
 53718 | Vaults:2 | Reached skill level 21 in Dodging
 53980 | Vaults:2 | Received a gift from Nemelex Xobeh
 54691 | Vaults:3 | Found Tezxute's Jewellery Boutique.
 54778 | Vaults:3 | Reached skill level 5 in Summonings
 55056 | Vaults:3 | Found Ypikk's Antique Weapon Emporium.
 55078 | Vaults:3 | Reached skill level 15 in Stealth
 55491 | Vaults:3 | Received a gift from Nemelex Xobeh
 55589 | Vaults:3 | Found a staircase to the Crypt.
 55679 | Vaults:3 | Reached XP level 20. HP: 102/102 MP: 26/39
 56706 | Vaults:4 | Reached skill level 10 in Fighting
 56888 | Vaults:4 | Received a gift from Nemelex Xobeh
 57300 | Vaults:4 | Found a runed door.
 57300 | Vaults:4 | Noticed fidoburger's ghost (adept DEFE)
 57598 | Vaults:4 | Reached skill level 15 in Spellcasting
 58565 | Vaults:4 | Reached skill level 22 in Dodging
 58802 | Vaults:4 | Received a gift from Nemelex Xobeh
 59199 | Vaults:4 | HP: 5/103 [frost giant/bolt of cold (30)]
 59203 | Vaults:4 | Killed from afar by a frost giant

Vault maps used:
D:1:      dpeg_arrival_tiny_g, hangedman_feature_mirror,
          minmay_gold_behind_fungi, minmay_tromino_v4_a
D:2:      tso_metal_star, first_ration, nemelex_diamond_rough_becter,
          uniq_jessica, uniq_robin
D:3:      portal_sewer_entry_a
D:4:      nemelex_dance_club_becter
D:5:      ebering_ghost_rock_garden, uniq_sigmund, uniq_blork_the_orc
D:6:      serial_shops, nicolae_shop_crystal, corexii_checkpoint_a,
          uniq_eustachio
D:7:      minmay_temple_entry_mist, uniq_pikel, uniq_duvessa
D:8:      minmay_ruffians
D:10:     enter_bailey_3, david_nohive_1
D:11:     erik_lair_island, david_orc_2, uniq_erica
D:12:     glass_columns_b, doesnt_xom_only_xom
D:13:     minmay_two_paths, david_vaults_4, basic_altar
D:14:     serial_bayou_pond_d
D:15:     hangedman_slaughterboxes, uniq_louise
Lair:1:   grunt_forest_large_clearings
Lair:2:   minmay_swamp_entry_reptiles, worms_lemuel
Lair:3:   grunt_megastairs_3, lemuel_fruit_tree
Lair:4:   guppyfry_snake_entry_garden, minmay_lair_oklob_chamber,
          infiniplex_staircase_pool
Lair:5:   serial_bayou_shore_b
Lair:6:   grunt_lair_end_beastmaster, minmay_slime_entry_pillars,
          serial_bayou_shore_b
Swamp:1:  serial_swamp_ruin, hangedman_swamp_ruin_wall,
          evilmike_swamp_ruin_house_1
Swamp:2:  evilmike_swamp_ruin_house_2, uniq_roxanne
Swamp:3:  lemuel_altar_in_water, swamp_pool4, infiniplex_staircase_pool_2
Swamp:4:  grunt_swamp_rune_castle, uniq_nikola
Snake:2:  minmay_shop_star, uniq_vashnia, uniq_agnes
Snake:3:  serial_shops, nicolae_shop_behind_doors, hangedman_corner_corridor
Snake:4:  snake_pit
Orc:1:    serial_shops, shop, basic_altar, bloody_makhleb
Orc:2:    pf_orc_diabolical, gauntlet_entry_generic, enter_volcano_1
Vaults:1: ontoclasm_vaults_decontamination, hangedman_vaults_hat,
          vaults_dpeg_diagonal, grunt_vaults_hallway_short,
          nicolae_vaults_big_angled_halls, st_diamondy,
          nicolae_vaults_little_squares_6, grunt_vaults_bifocal,
          nicolae_vaults_hallways_thing, ontoclasm_vaults_twist,
          nicolae_vaults_specimen_jars, nicolae_vaults_angled_halls,
          serial_ice_g, nicolae_vaults_network_square, serial_shops,
          nicolae_shop_stone
Vaults:2: ontoclasm_vaults_spin, ontoclasm_vaults_ring_large, v_misc_9,
          vaults_room_grunt_arrival_ludios, nicolae_vaults_back_hallway,
          v_misc_11, grunt_vaults_diagonal, nicolae_vaults_quartermaster,
          ontoclasm_vaults_ring_square, serial_shops, shop_statue
Vaults:3: hangedman_vaults_impose, vaults_room_mumra_shop_pool,
          dpeg_vaults_monster_box, vaults_dpeg_ring,
          nicolae_vaults_three_branches, vaults_room_grid, v_misc_23,
          blue_anna_dwarven_crypt, v_misc_28, serial_shops, shop
Vaults:4: ebering_vaults_ghost_inner_flame, ontoclasm_vaults_ligature,
          hangedman_vaults_stagger, nicolae_vaults_diagonal_hallway_8,
          vaults_mumra_hexcomb, hangedman_vaults_corner, v_misc_5, v_misc_11,
          nicolae_vaults_rhombus_7, v_misc_8, hangedman_vaults_slice,
          vaults_room_hangedman_quadrants
Sewer:    sewer_the_crocodile
Bailey:   bailey_polearm_gnolls_kennysheep, bailey
Volcano:  volcano_overflow
Gauntlet: minmay_gauntlet_77_indecision

Skill      XL: |  1  2  3  4  5  6  7  8  9 10 11 12 13 14 15 16 17 18 19 20 |
---------------+-------------------------------------------------------------+-----
Spellcasting   | 3 4 5 7 10 12 13 14 15 | 15.3
Hexes          | 4 5 6 8 9 10 12 13 | 13.0
Stealth        | 5 6 7 8 10 11 13 15 | 15.8
Short Blades   | 2 5 7 9 10 | 10.0
Dodging        | 4 5 7 9 10 12 14 16 17 18 19 20 21 22 | 22.0
Invocations    | 1 2 3 4 5 7 8 10 11 12 13 14 15 | 15.0
Ice Magic      | 1 2 3 4 |  4.0
Shields        | 1 2 3 4 5 6 7 |  7.2
Fighting       | 2 4 6 7 8 9 10 | 10.4
Evocations     | 4 |  4.0
Armour         | 2 3 |  3.0
Earth Magic    | 1 5 7 9 |  9.5
Necromancy     | 1 5 7 9 |  9.6
Slings         | 1 5 6 |  6.0
Summonings     | 3 5 |  5.0

Action                   |  1- 3 |  4- 6 |  7- 9 | 10-12 | 13-15 | 16-18 | 19-21 || total
-------------------------+-------+-------+-------+-------+-------+-------+-------++-------
Melee: Dagger            |   187 |   190 |   254 |   355 |   901 |       |       ||  1887
       Rapier            |       |       |    10 |       |       |       |       ||    10
       Quick blade       |       |       |       |       |    43 |  1556 |   762 ||  2361
 Fire: Hunting sling     |       |       |    35 |     7 |    22 |   372 |    60 ||   496
       Blowgun           |       |       |     5 |       |       |       |       ||     5
Throw: Stone             |       |     1 |     1 |     5 |    18 |    21 |       ||    46
 Cast: Ensorcelled Hiber |    32 |    59 |    73 |   247 |   420 |   451 |   211 ||  1493
       Confuse           |       |       |    21 |    20 |   122 |    94 |    51 ||   308
       Borgnjor's Vile C |       |       |       |       |       |    18 |    81 ||    99
       Summon Mana Viper |       |       |       |       |       |     2 |       ||     2
Invok: Deal Four         |       |       |       |     1 |       |     5 |       ||     6
       Stack Five        |       |       |       |       |       |     2 |       ||     2
 Abil: Draw Destruction  |       |     4 |     8 |    23 |    48 |    18 |     9 ||   110
       Draw Summoning    |       |     3 |       |     7 |    20 |    12 |     2 ||    44
       Draw Escape       |       |       |       |     2 |     1 |       |       ||     3
       Draw Stack        |       |       |       |       |       |     6 |       ||     6
Evoke: Wand              |       |       |       |    12 |    23 |    15 |    10 ||    60
       Lightning rod     |       |       |       |       |     4 |     4 |     2 ||    10
       Box of beasts     |       |       |       |       |     1 |       |       ||     1
       Phial of floods   |       |       |       |       |       |       |     1 ||     1
  Use: Scroll            |       |    13 |     5 |    13 |    13 |    12 |     4 ||    60
       Potion            |       |       |       |       |     1 |     5 |     1 ||     7
 Stab: Sleeping          |    26 |    38 |    52 |   156 |   241 |   206 |   102 ||   821
       Distracted        |     3 |       |       |     1 |     2 |     2 |     2 ||    10
       Confused          |       |       |    22 |    11 |    58 |    62 |    35 ||   188
  Eat: Ration            |     1 |     2 |     2 |     5 |     6 |    13 |     8 ||    37
Armor: Robe              |    14 |    28 |    31 |    22 |    18 |     2 |       ||   115
       Swamp dragon scal |       |       |       |       |       |    55 |       ||    55
       Acid dragon scale |       |       |       |       |       |    37 |    30 ||    67
Dodge: Dodged            |   158 |   208 |   274 |   273 |   583 |  1150 |   398 ||  3044
Block: Buckler           |       |       |    30 |   140 |   359 |   647 |   233 ||  1409
       Reflection        |       |       |       |       |    12 |    86 |    18 ||   116

Table legend:
 A = Non-vault XP
 B = Vault XP
 C = Vault XP percentage of total XP
 D = Non-vault monster count
 E = Vault monster count
 F = Vault count percentage of total count
                 A         B        C        D         E       F
            +---------+---------+-------+---------+---------+-------
      Total |  309821 |  244668 |  44.1 |     994 |     547 |  35.5
            +---------+---------+-------+---------+---------+-------
        D:1 |      77 |       7 |   8.3 |      39 |       4 |   9.3
        D:2 |      52 |      56 |  51.9 |      15 |      10 |  40.0
        D:3 |      99 |       1 |   1.0 |      26 |       1 |   3.7
        D:4 |     341 |      10 |   2.8 |      22 |       2 |   8.3
        D:5 |     679 |     724 |  51.6 |      20 |       3 |  13.0
        D:6 |     959 |     200 |  17.3 |      21 |       3 |  12.5
        D:7 |     839 |     932 |  52.6 |      27 |       3 |  10.0
        D:8 |     374 |     801 |  68.2 |      11 |       4 |  26.7
        D:9 |    2954 |       0 |   0.0 |      38 |       0 |   0.0
       D:10 |    1175 |    1121 |  48.8 |      13 |      18 |  58.1
       D:11 |    6278 |    1633 |  20.6 |      29 |      16 |  35.6
       D:12 |    6357 |       0 |   0.0 |      46 |       0 |   0.0
       D:13 |    7141 |   10655 |  59.9 |      39 |      15 |  27.8
       D:14 |   10353 |     996 |   8.8 |      37 |       2 |   5.1
       D:15 |       0 |   48398 | 100.0 |       0 |      96 | 100.0
     Lair:1 |     967 |    2989 |  75.6 |       5 |      26 |  83.9
     Lair:2 |     973 |    2912 |  75.0 |       5 |      19 |  79.2
     Lair:3 |    4220 |    1009 |  19.3 |      21 |       5 |  19.2
     Lair:4 |    3133 |    2005 |  39.0 |      11 |       8 |  42.1
     Lair:5 |    9512 |       0 |   0.0 |      32 |       0 |   0.0
     Lair:6 |   10920 |    6737 |  38.2 |      30 |      21 |  41.2
    Swamp:1 |   12803 |       0 |   0.0 |      32 |       0 |   0.0
    Swamp:2 |   12148 |    1330 |   9.9 |      28 |       1 |   3.4
    Swamp:3 |   18850 |    4634 |  19.7 |      44 |       6 |  12.0
    Swamp:4 |    5607 |   22252 |  79.9 |      23 |      28 |  54.9
    Snake:1 |    5040 |       0 |   0.0 |      10 |       0 |   0.0
    Snake:2 |   20134 |    7726 |  27.7 |      42 |       5 |  10.6
    Snake:3 |   15574 |    3475 |  18.2 |      34 |       8 |  19.0
    Snake:4 |   14057 |   31654 |  69.2 |      17 |      46 |  73.0
      Orc:1 |    1409 |       0 |   0.0 |      22 |       0 |   0.0
      Orc:2 |    1743 |   16703 |  90.6 |      31 |      66 |  68.0
   Vaults:1 |   23436 |   11386 |  32.7 |      52 |      18 |  25.7
   Vaults:2 |   22095 |   25595 |  53.7 |      39 |      31 |  44.3
   Vaults:3 |   40991 |   12601 |  23.5 |      59 |      16 |  21.3
   Vaults:4 |   47736 |   22226 |  31.8 |      72 |      22 |  23.4
      Sewer |       0 |     115 | 100.0 |       0 |       6 | 100.0
     Bailey |       0 |     899 | 100.0 |       0 |      30 | 100.0
    Volcano |       0 |     756 | 100.0 |       0 |       2 | 100.0
   Gauntlet |     795 |    2130 |  72.8 |       2 |       6 |  75.0
            +---------+---------+-------+---------+---------+-------
